 Dungeon Crawl Stone Soup version 0.30-a0-219-gf2db51d15e (webtiles) character file.

Game seed: 16747395785690065336

110728 Flugkiller the Alchemist (level 17, -6/146 HPs)
             Began as a Meteoran Chaos Knight on Oct 6, 2022.
             Was a Plaything of Xom.
             Killed from afar by an Ice Fiend (70 damage)
             ... with a bolt of cold
             ... summoned by a deep elf demonologist
             ... led by a deep elf high priest
             ... on level 2 of the Elven Halls.
             The game lasted 01:17:55 (11802 turns).

Flugkiller the Alchemist (Meteoran Chaos Knight)   Turns: 11802, Time: 01:17:56

Health: -6/146     AC: 18    Str: 20    XL:     17   Next: 67%
Magic:  31/40      EV: 29    Int: 19    God:    Xom [...*..]
Gold:   481        SH:  5    Dex: 21    Spells: 2/34 levels left

rFire   + . .      SeeInvis .      - Unarmed
rCold   . . .      Faith    .    (shield currently unavailable)
rNeg    . . .      Spirit   .    (body armour currently unavailable)
rPois   ∞          Reflect  +    (helmet currently unavailable)
rElec   +          Harm     .    (cloak currently unavailable)
rCorr   .          Rampage  .    (gloves currently unavailable)
Will    ++...                    (boots currently unavailable)
Stlth   +.........               S - amulet of reflection
HPRegen 0.44/turn                f - ring of protection from fire
MPRegen 0.27/turn                B - ring of Wiroh {MP+9 Str+6 Dex+4}

@: storm-form, cleaving, flying, glowing, unable to read
A: cleaving, insubstantial, flying, sense surroundings 2, otherworldly, glowing,
explore regen, (horns 1), inability to read after injury 1, noise suppression
a: Blinkbolt, End Transformation, Renounce Religion


You were on level 2 of the Elven Halls.
You worshipped Xom.
You were a favourite toy of Xom.
You were a lightning-filled tempest!
You visited 4 branches of the dungeon, and saw 25 of its levels.
You also visited: Ossuary.

You collected 2009 gold pieces.
You spent 1528 gold pieces at shops.

Inventory:

Hand Weapons
 x - the +11 falchion of Ykurph (melded) {vorpal, Drain rElec rPois rCorr}
   (You bought it in a shop on level 6 of the Dungeon)

   It inflicts extra damage upon your enemies.
   rElec:     It insulates you from electricity.
   rPois:     It protects you from poison.
   rCorr:     It protects you from acid and corrosion.
   Drain:     It drains your maximum health when unequipped.
Missiles
 E - 4 throwing nets
 X - 13 curare-tipped darts (quivered)
Armour
 a - a +0 pair of boots (melded)
   (You found it on level 10 of the Dungeon)
 c - a +2 robe of resistance
   (You took it off an orc sorcerer on level 2 of the Orcish Mines)
 g - a +2 pair of gloves (melded)
   (You found it on level 1 of the Dungeon)
 K - a +2 hat (melded)
   (You found it on level 13 of the Dungeon)
 N - a +2 robe of the Archmagi (melded)
   (You took it off Jorgrun on level 2 of the Orcish Mines)
 T - a +2 robe of willpower
   (You took it off an orc sorcerer on level 15 of the Dungeon)
 V - a +1 cloak (melded)
   (You took it off Crazy Yiuf on level 3 of the Dungeon)
Jewellery
 f - a ring of protection from fire (left fist)
   (You found it on level 2 of the Elven Halls)
 i - a ring of see invisible
   (You found it on level 2 of the Elven Halls)
 m - a ring of willpower
   (You found it on level 5 of the Dungeon)
 p - a +4 ring of protection
   (You found it in an ossuary)
 u - a +6 ring of dexterity
   (You found it on level 2 of the Dungeon)
 v - a +4 ring of evasion
   (You found it on level 1 of the Dungeon)
 B - the ring of Wiroh (right fist) {MP+9 Str+6 Dex+4}
   (You found it on level 12 of the Dungeon)

   [ring of magical power]

   Str:       It affects your strength (+6).
   Dex:       It affects your dexterity (+4).
   MP:        It affects your magic capacity (+9).
 O - a +4 ring of evasion
   (You found it on level 14 of the Dungeon)
 S - an amulet of reflection (around neck)
   (You found it on level 3 of the Dungeon)
Wands
 y - a wand of mindburst (21)
   (You took it off Ijyb on level 3 of the Dungeon)
 A - a wand of flame (50)
   (You found it on level 4 of the Dungeon)
 D - a wand of polymorph (2)
   (You took it off Erolcha on level 2 of the Orcish Mines)
 G - a wand of digging (9)
   (You found it on level 4 of the Lair of Beasts)
 Q - a wand of paralysis (15)
   (Xom gifted it to you on level 3 of the Dungeon)
 U - a wand of roots (8)
   (You found it on level 5 of the Lair of Beasts)
Scrolls
 j - 7 scrolls of butterflies
 k - 3 scrolls of amnesia
 r - 9 scrolls of identify
 s - 5 scrolls of fear
 t - 8 scrolls of teleportation
 z - a scroll of blinking
 F - a scroll of enchant armour
 H - 2 scrolls of silence
 I - 2 scrolls of summoning
 J - 2 scrolls of vulnerability
 L - a scroll of poison
 M - 3 scrolls of magic mapping
 R - 3 scrolls of immolation
Potions
 b - a potion of lignification
 d - 9 potions of might
 e - 3 potions of attraction
 h - 2 potions of haste
 l - 6 potions of mutation
 n - 4 potions of resistance
 o - 7 potions of brilliance
 q - 9 potions of curing
 w - 4 potions of heal wounds
 P - 3 potions of berserk rage
 W - 2 potions of magic
Miscellaneous
 C - a phantom mirror
   (You found it on level 12 of the Dungeon)


   Skills:
 + Level 12.2 Fighting
 - Level 3.2(5.0) Short Blades
 - Level 6.5(7.0) Long Blades
 - Level 2.4 Armour
 + Level 12.3 Dodging
 + Level 12.3 Unarmed Combat
 - Level 9.1 Spellcasting
 - Level 10.0 Translocations
 - Level 17.0 Transmutations
 - Level 14.6 Air Magic
 - Level 5.0 Earth Magic
 - Level 6.0 Evocations


You had 2 spell levels left.
You knew the following spells:

 Your Spells              Type           Power      Damage    Failure   Level
a - Dragon Form           Tmut           32%        N/A       6%          7
b - Passage of Golubria   Tloc           46%        N/A       1%          4
c - Storm Form            Tmut/Air       31%        N/A       11%         7
d - Manifold Assault      Tloc           46%        N/A       1%          4
e - Vhi's Electric Charg  Tloc/Air       100%       N/A       1%          3
i - Irradiate             Conj/Tmut      20%        3d18      7%          5
r - Blink                 Tloc           92%        N/A       1%          2

Your spell library contained the following spells:

 Spells                   Type           Power      Damage    Failure   Level
 Summon Small Mammal      Summ           32%        N/A       9%          1
 Ensorcelled Hibernation  Hex/Ice        16%        N/A       12%         2
 Spider Form              Tmut/Pois      40%        N/A       1%          3
 Blade Hands              Tmut           32%        N/A       1%          5
 Ice Form                 Ice/Tmut       40%        N/A       2%          4
 Stone Arrow              Conj/Erth      36%        3d9       9%          3
 Arcjolt                  Conj/Air       18%        1d28      12%         5
 Silence                  Hex/Air        18%        N/A       12%         5
 Statue Form              Tmut/Erth      33%        N/A       14%         6
 Call Canine Familiar     Summ           8%         N/A       24%         3
 Hailstorm                Conj/Ice       8%         3d4       24%         3
 Ozocubu's Armour         Ice            8%         N/A       24%         3
 Summon Guardian Golem    Hex/Summ       8%         N/A       24%         3
 Animate Armour           Summ/Erth      36%        N/A       28%         4
 Leda's Liquefaction      Hex/Erth       9%         N/A       28%         4
 Lee's Rapid Deconstruct  Erth           13%        3d10*     28%         5
 Conjure Ball Lightning   Conj/Air       18%        3x3d6     54%         6
 Anguish                  Hex/Necr       4%         N/A       63%         4
 Cause Fear               Hex            4%         N/A       63%         4
 Maxwell's Capacitive Co  Air            29%        ∞         80%         8
 Metabolic Englaciation   Hex/Ice        4%         N/A       92%         5
 Iron Shot                Conj/Erth      9%         9d3       99%         6
 Simulacrum               Ice/Necr       4%         N/A       100%        6
 Discord                  Hex            4%         N/A       100%        8
 Disjunction              Tloc           23%        N/A       100%        8
 Lehudib's Crystal Spear  Conj/Erth      9%         10d4      100%        8
 Dragon's Call            Summ           4%         N/A       100%        9


Dungeon Overview and Level Annotations

Branches:
Dungeon (15/15) Zot: 1500  Temple (0/1) D:7            Lair (5/5) D:9 Zot: 591
  Snake (0/4) Lair:2        Slime (0/5) Lair:4          Orc (2/2) D:11 Zot: 555
    Elf (3/3) Orc:2 Zot: 1370  Vaults (0/5) D:14         Depths (0/4) D:15
Ossuary (visited)
  Swamp: Lair:2-3    Shoals: Lair:2-3

Altars:
Ashenzari
Hepliaklqana
Kikubaaqudgha
Okawaru
Qazlal
Sif Muna
Trog
Uskayaw
Vehumet
Wu Jian
Xom
Yredelemnul
Zin
The Shining One

Shops:
D:3 :   D:6 (   D:7 *   D:9 *   D:12 :[   Orc:1 :   Orc:2 :![[

Annotations:
D:4 3 runed translucent doors, p0werm0de's ghost, amateur OpRe
D:12 2 runed translucent doors, 2 transporters, nago's ghost, journeyman HuAE
Lair:2 2 runed translucent doors, exclusion: oklob plant, Zinus's ghost, journeyman OpAE


Innate Abilities, Weirdness & Mutations

You are a lightning-filled tempest!
Your electrical attacks strike out in all directions at once.
You are incredibly evasive.
Your insubstantial body is immune to petrification, constriction, and being set on fire You are flying.
You are immune to poison.
Your armour is entirely melded.
You are incapable of wielding weapons or throwing items.
You passively map the area around you.
You are easily found by Zot.
You glow in the dark.
You regain HP and MP as you explore.
((You have a pair of small horns on your head.))
You occasionally lose the ability to read scrolls when taking damage.
You passively dampen the noise of your surroundings.


Message History

Unknown command.
The deep elf pyromancer casts a spell.
The deep elf pyromancer blinks!
The deep elf high priest hits the fungus with a +0 short sword!
The fire elemental hits something.
The fire elemental burns something!
The Ice Fiend calls on the powers of darkness!
The deep elf high priest convulses!
The deep elf knight convulses!
Your body is wracked with pain!
There is an open door here.
Unknown command.
The fire elemental completely misses you.
Unknown command.
You feel much better.
Your transformation has ended.
The +11 falchion of Ykurph {vorpal, Drain rElec rPois rCorr} unmelds from your body.
Your +1 cloak unmelds from your body.
Your +2 hat unmelds from your body.
Your +2 pair of gloves unmelds from your body.
Your +0 pair of boots unmelds from your body.
Your +2 robe of the Archmagi unmelds from your body.
You feel powerful. The fire elemental hits you. The fire elemental burns you!
You resist.
You feel better. The fire elemental hits you. The fire elemental burns you!
You resist. The fire elemental misses you.
Casting: Vhi's Electric Charge (safe; 1% risk of failure)
Confirm with . or Enter, or press ? or * to list all spells.
You feel a surge of power!
You miscast Storm Form.
You are very lightly contaminated with residual magic.
Nothing appears to happen.
The fire elemental closely misses you.
Unknown command.
Casting: Storm Form (dangerous; 11% risk of failure)
Confirm with . or Enter, or press ? or * to list all spells.
You feel a surge of power!
You turn into a lightning-filled tempest!
The +11 falchion of Ykurph {vorpal, Drain rElec rPois rCorr} melds into your body.
Your +1 cloak melds into your body.
Your +2 hat melds into your body.
Your +2 pair of gloves melds into your body.
Your +0 pair of boots melds into your body.
Your +2 robe of the Archmagi melds into your body.
You feel strangely numb. You block the fire elemental's attack.
Unknown command.
You blast the fire elemental!!!
You destroy the fire elemental!
The fire elemental disappears in a puff of smoke!
You are now a favourite toy of Xom.
You closely miss the fire elemental. You punch the fire elemental!
The fire elemental is moderately damaged.
The fire elemental hits you. The fire elemental burns you! You resist.
You blast the fire elemental!!!
You destroy the fire elemental!
The fire elemental disappears in a puff of smoke!
You batter the red devil!!
The red devil is severely wounded.
The red devil completely misses you.
You hit the red devil but do no damage.
The red devil is severely wounded.
The red devil hits you with a +0 trident!
Barbed spikes become lodged in your body.
You hit the red devil.
The red devil is severely wounded.
You hit the red devil but do no damage.
The red devil is severely wounded.
The red devil misses you.
You buffet the red devil!
The red devil is almost dead.
You block the red devil's attack.
Your magical contamination has completely faded away.
You barely miss the red devil.
The red devil is almost dead.
The red devil hits you with a +0 trident!
Barbed spikes become lodged in your body.
You buffet the red devil!
You kill the red devil!
The red devil disappears in a puff of smoke!
You buffet the red devil!
The red devil is heavily wounded.
You block the red devil's attack.
You buffet the red devil!
The red devil is severely wounded.
The red devil completely misses you.
You blast the red devil!!!
You kill the red devil!
The red devil disappears in a puff of smoke!
You carefully extract the barbed spikes from your body.
You blast the deep elf high priest!!!
You kill the deep elf high priest!
You blast the fire elemental!!!
You destroy the fire elemental!
The fire elemental disappears in a puff of smoke!
You closely miss the fire elemental. The fire elemental hits you.
The fire elemental burns you! You resist.
You blast the fire elemental!!!
You destroy the fire elemental!
The fire elemental disappears in a puff of smoke!
You blast the Ice Fiend!!!
The Ice Fiend is heavily wounded.
The Ice Fiend gestures at you. The bolt of cold hits you!!!
You feel threatened and lose the ability to read scrolls!
You die...
Xom giggles madly! , , * * * * °P°1... * , * EeE°..., , * Eee....

, , ##4E°eE.. , ##4# ,, + *
#######E## * ## ***
###...##○## **+##.
###......1### ###...
#.........v.# #....) *
#...........# #..... *
#...)..)....##########.....
*
#...........'[.......'....)
#
#...........##########....)
# #...........# #..... #
##...........# #.)... #
##'##...)...### ###... #
##.#####...### +##.


You could see an Ice Fiend (summoned).

Vanquished Creatures
  Jorgrun (Orc:2)
  A fenstrider witch (Lair:2)
  2 fire giants
  A deep elf sorcerer (Elf:1)
  An ironbound preserver (D:14)
  Azrael (Orc:2)
  A deep elf annihilator (Elf:1)
  Snorg (Lair:3)
  2 deep elf high priests
  A fire dragon (D:10)
  6 hydras
  Harold (D:10)
  Erolcha (Orc:2)
  3 ogre magi
  6 centaur warriors
  5 two-headed ogres
  3 catoblepae
  A merfolk avatar (Lair:5)
  3 boulder beetles
  5 death yaks
  A tengu warrior (D:14)
  4 dancing weapons
  Nergalle (Orc:2)
  5 deep elf knights
  Sonja (Lair:3)
  4 skeletal warriors (D:12)
  6 deep elf archers
  A wizard (D:15)
  A necromancer (D:15)
  15 deep elf zephyrmancers
  A lindwurm (Lair:5)
  A harpy (D:12)
  2 orc knights
  8 orc sorcerers
  A faun (D:12)
  19 deep elf pyromancers
  11 cyclopes
  14 ugly things
  4 manticores
  4 elephants
  2 guardian serpents
  Joseph (D:9)
  4 black mambas
  3 gargoyles
  3 cane toads (Lair:5)
  3 torpor snails
  An unseen horror (D:12)
  A kobold demonologist (D:12)
  5 rime drakes (Lair:5)
  A yaktaur (D:12)
  A tengu conjurer (D:14)
  A komodo dragon (Lair:5)
  4 trolls
  4 polar bears
  A hornet (Lair:2)
  A tyrant leech (Lair:3)
  10 blink frogs
  4 slime creatures
  A snapping turtle (Lair:5)
  8 dream sheep
  4 centaur simulacra
  2 culicivoras (shapeshifter) (D:14)
  5 wraiths
  10 wyverns
  A yak (shapeshifter) (D:14)
  7 basilisks
  28 yaks
  A water elemental (Elf:1)
  7 fire elementals
  A steam dragon (D:7)
  4 vampire mosquitoes
  4 acid dragons
  A swamp worm (shapeshifter) (Elf:1)
  A naga (shapeshifter) (D:14)
  2 wargs (Orc:2)
  A naga (Ossuary)
  10 water moccasins
  2 hell hounds (Orc:2)
  14 orc warriors
  A black bear (D:7)
  A hornet zombie (D:15)
  3 ice beasts
  11 wolves
  9 ogres
  5 centaurs
  A phantom (D:4)
  2 lemures (D:5)
  3 kobold brigands (D:10)
  An earth elemental (Elf:2)
  7 bullfrogs
  3 necrophages
  4 gnoll sergeants
  6 scorpions (Ossuary)
  4 killer bees (D:9)
  5 howler monkeys
  7 electric eels (D:15)
  4 centaur zombies
  2 jellies (D:7)
  2 hounds (D:5)
  A human zombie (Ossuary)
  9 orc priests
  Crazy Yiuf (D:3)
  2 iguanas
  7 scorpion zombies (Ossuary)
  Ijyb (D:3)
  30 orc wizards
  3 mummies (Ossuary)
  9 adders
  20 gnolls
  A white imp (D:7)
  2 ufetubi
  2 dart slugs
  65 orcs
  8 ball pythons
  3 bats
  7 endoplasms
  4 giant cockroaches
  2 gnoll zombies (Ossuary)
  11 goblins
  5 hobgoblins
  25 kobolds
  4 quokkas
  4 frilled lizards
  A goblin zombie (Ossuary)
  2 kobold zombies (Ossuary)
  An orc zombie (Ossuary)
  6 rats
  A spectral orc (D:3)
632 creatures vanquished.

Vanquished Creatures (collateral kills)
  An ice dragon (D:14)
  Pikel (D:5)
  A deep elf pyromancer (Elf:1)
  A black mamba (Lair:4)
  An elephant (Lair:4)
  A rime drake (Lair:4)
  A basilisk (Lair:4)
  An orc warrior (D:7)
  An ogre (Orc:2)
  3 wolves (Lair:4)
  2 lemures (D:5)
  An orc priest (Orc:2)
  2 scorpion zombies (Ossuary)
  An orc (Orc:2)
  2 gnoll zombies (Ossuary)
20 creatures vanquished.

Vanquished Creatures (others)
  A skeletal warrior (D:12)
  A centaur (D:9)
  An orc (Orc:2)
  19 fungi
  36 plants
58 creatures vanquished.

Grand Total: 710 creatures vanquished

Notes
Turn   | Place    | Note
-------+----------+-------------------------------------------
     0 | D:1      | Flugkiller the Meteoran Chaos Knight began the quest for
                  | the Orb.
     0 | D:1      | Reached XP level 1. HP: 19/19 MP: 2/2
    15 | D:1      | XOM: silly message
    41 | D:1      | Reached skill level 1 in Long Blades
    41 | D:1      | Reached XP level 2. HP: 26/26 MP: 3/3
   160 | D:1      | Reached XP level 3. HP: 25/31 MP: 4/4
   404 | D:2      | Found a stormy altar of Qazlal.
   465 | D:2      | Learned a level 2 spell: Blink
   500 | D:2      | Found a faded altar of an unknown god.
   604 | D:3      | Reached XP level 4. HP: 38/40 MP: 5/5
   670 | D:3      | Found a basalt altar of Yredelemnul.
   707 | D:3      | XOM: god gift: silver wand {god gift}
   816 | D:3      | XOM: 1-stop teleportation journey
   868 | D:3      | Found a runed translucent door.
   869 | D:3      | Noticed Crazy Yiuf
   887 | D:3      | Killed Crazy Yiuf
   888 | D:3      | Reached skill level 1 in Spellcasting
   888 | D:3      | Reached skill level 1 in Translocations
   888 | D:3      | Reached XP level 5. HP: 28/46 MP: 3/7
  1248 | D:3      | XOM: 2-stop teleportation journey
  1299 | D:3      | Found Tapal's Book Emporium.
  1299 | D:3      | Noticed Ijyb
  1307 | D:3      | Killed Ijyb
  1400 | D:4      | Noticed a phantom
  1421 | D:4      | XOM: cast spell 'Disjunction'
  1437 | D:4      | Killed a phantom
  1438 | D:4      | Reached XP level 6. HP: 46/52 MP: 9/9
  1447 | D:4      | Found a runed translucent gate.
  1447 | D:4      | Found a runed translucent gate.
  1447 | D:4      | Found a runed translucent gate.
  1505 | D:4      | Found a glowing silver altar of Zin.
  1542 | D:4      | Found a hazy altar of Hepliaklqana.
  1574 | D:4      | XOM: silly message
  1714 | D:4      | Reached XP level 7. HP: 55/60 MP: 11/11
  1819 | D:4      | Noticed p0werm0de's ghost (amateur OpRe)
  1929 | D:5      | Entered Level 5 of the Dungeon
  2012 | D:5      | XOM: 3-stop teleportation journey
  2014 | D:5      | Found a broken altar of Ashenzari.
  2123 | D:5      | XOM: confusion
  2135 | D:5      | XOM: blink monster(s)
  2137 | D:5      | Reached skill level 5 in Long Blades
  2137 | D:5      | Reached skill level 1 in Evocations
  2155 | D:5      | Identified the +3 hand axe of Change {vorpal, Int+4}
  2180 | D:5      | XOM: confusion (+ monsters)
  2184 | D:5      | XOM: confusion
  2302 | D:5      | Found a sand-covered staircase.
  2328 | Ossuary  | Entered an ossuary
  2354 | Ossuary  | XOM: scenery: 1 doors close
  2374 | Ossuary  | Reached XP level 8. HP: 66/67 MP: 12/12
  2555 | Ossuary  | Reached skill level 5 in Fighting
  2584 | Ossuary  | XOM: draining
  2632 | Ossuary  | XOM: give mutation
  2632 | Ossuary  | Gained mutation: You occasionally lose the ability to drink
                  | potions when taking damage. [Xom's mischief]
  2639 | Ossuary  | Reached skill level 5 in Dodging
  2645 | Ossuary  | XOM: summons friendly iron imp
  2771 | Ossuary  | XOM: noise
  2784 | Ossuary  | XOM: polymorph scorpion -> naga
  2807 | Ossuary  | Gained mutation: You passively map the area around you.
                  | [Meteoran growth]
  2807 | Ossuary  | Reached XP level 9. HP: 35/75 MP: 14/14
  2853 | Ossuary  | Reached skill level 1 in Air Magic
  2911 | Ossuary  | Glimpsed the power of Zot.
  2961 | Ossuary  | Glimpsed the power of Zot.
  3028 | D:5      | Noticed Pikel
  3032 | D:5      | XOM: scenery: 1 doors close
  3046 | D:5      | XOM: divination: magic mapping
  3048 | D:5      | XOM: potion effect (brilliance)
  3078 | D:5      | XOM: cast spell 'Summon Mana Viper'
  3082 | D:5      | XOM: summons 1 hostile demon
  3099 | D:5      | Killed Pikel
  3100 | D:5      | Reached skill level 5 in Air Magic
  3266 | D:6      | Found a shimmering blue altar of Sif Muna.
  3311 | D:6      | Found Wuam's Antique Weapon Boutique.
  3321 | D:6      | Bought a masterwork falchion for 200 gold pieces
  3321 | D:6      | Identified the +11 falchion of Ykurph {vorpal, Drain rElec
                  | rPois rCorr} (You bought it in a shop on level 6 of the
                  | Dungeon)
  3342 | D:6      | XOM: god gift: 55 gold pieces
  3386 | D:6      | Found an ornate altar of the Wu Jian Council.
  3386 | D:6      | Found a hide-covered altar of Uskayaw.
  3479 | D:7      | Found Rakhlats's Serpentskin Sales.
  3488 | D:7      | Reached skill level 5 in Evocations
  3488 | D:7      | Reached XP level 10. HP: 82/86 MP: 17/17
  3521 | D:7      | Found a staircase to the Ecumenical Temple.
  3564 | D:7      | XOM: 6-stop teleportation journey
  3622 | D:7      | XOM: summons friendly iron imp
  3902 | D:7      | XOM: polymorph black bear -> acid dragon
  4040 | D:6      | Found a shimmering altar of Xom.
  4297 | D:8      | Noticed a two-headed ogre
  4306 | D:8      | Killed a two-headed ogre
  4546 | D:8      | Found a glowing golden altar of the Shining One.
  4586 | D:8      | XOM is BORED!
  4586 | D:8      | XOM: enchant monster (bad)
  4628 | D:8      | XOM: give mutation
  4628 | D:8      | Gained mutation: You are clumsy. (Dex -2) [Xom's mischief]
  4666 | D:8      | Found an iron altar of Okawaru.
  4666 | D:8      | Found a bloodstained altar of Trog.
  4711 | D:9      | XOM: 1-stop teleportation journey
  4717 | D:9      | XOM: 1-stop teleportation journey
  4727 | D:9      | XOM: divination: detect items
  4733 | D:9      | Reached XP level 11. HP: 68/94 MP: 18/18
  4801 | D:9      | XOM: divine lightning
  4802 | D:9      | Reached skill level 10 in Air Magic
  4888 | D:9      | Noticed Joseph
  4910 | D:9      | Killed Joseph
  4944 | D:9      | Found Tefyh's General Store.
  5045 | D:9      | Reached skill level 5 in Spellcasting
  5147 | D:9      | XOM: god gift: 3 stones
  5165 | D:9      | Found a staircase to the Lair.
  5211 | D:10     | Entered Level 10 of the Dungeon
  5267 | D:10     | Noticed a two-headed ogre
  5276 | D:10     | Killed a two-headed ogre
  5385 | D:10     | Noticed an orc knight
  5392 | D:10     | Noticed a centaur warrior
  5402 | D:10     | Killed an orc knight
  5425 | D:10     | Killed a centaur warrior
  5505 | D:10     | Reached skill level 1 in Transmutations
  5505 | D:10     | Reached skill level 1 in Earth Magic
  5594 | D:10     | XOM: potion effect (brilliance)
  5616 | D:10     | XOM: enchant monster (good)
  5622 | D:10     | Noticed a purple ugly thing
  5623 | D:10     | XOM: polymorph purple ugly thing -> cyan ugly thing
  5630 | D:10     | XOM: smoke on damage
  5633 | D:10     | Killed a cyan ugly thing
  5634 | D:10     | Reached skill level 2 in Transmutations
  5655 | D:10     | XOM: scenery: summon butterflies
  5664 | D:10     | XOM: confusion
  5674 | D:10     | Noticed Harold
  5675 | D:10     | XOM: cleaving
  5677 | D:10     | XOM: enchant monster (bad)
  5689 | D:10     | Killed Harold
  5690 | D:10     | Reached skill level 3 in Transmutations
  5728 | D:10     | XOM: silly message
  5812 | D:11     | Reached XP level 12. HP: 93/104 MP: 22/22
  5851 | D:11     | Reached skill level 4 in Transmutations
  5876 | D:11     | XOM: summons 2 hostile demons
  5904 | D:11     | Found a staircase to the Orcish Mines.
  5965 | D:11     | XOM is BORED!
  5965 | D:11     | XOM: 1-stop teleportation journey
  6006 | D:11     | XOM: confusion
  6009 | D:11     | XOM: enchant monster (bad)
  6016 | D:11     | Reached skill level 5 in Transmutations
  6016 | D:11     | Reached skill level 5 in Earth Magic
  6066 | D:10     | Noticed a fire dragon
  6075 | D:10     | XOM: enchant monster (bad)
  6082 | D:10     | Killed a fire dragon
  6083 | D:10     | Reached skill level 6 in Transmutations
  6086 | D:10     | Reached skill level 7 in Transmutations
  6155 | D:11     | XOM: chaos upgrade
  6189 | D:11     | XOM: 1-stop teleportation journey
  6204 | D:11     | Reached skill level 8 in Transmutations
  6216 | D:11     | Noticed a boulder beetle
  6218 | D:11     | XOM: cleaving
  6230 | D:11     | Killed a boulder beetle
  6348 | D:9      | XOM: god gift: +1 hat
  6410 | Lair:1   | Entered Level 1 of the Lair of Beasts
  6450 | Lair:1   | XOM: summons friendly ufetubus
  6463 | Lair:1   | Reached skill level 9 in Transmutations
  6583 | Lair:2   | Found a runed translucent gate.
  6584 | Lair:2   | Found a runed translucent gate.
  6591 | Lair:2   | XOM: cleaving
  6594 | Lair:2   | Found a staircase to the Snake Pit.
  6600 | Lair:2   | Reached skill level 10 in Transmutations
  6604 | Lair:2   | Found a broken altar of Ashenzari.
  6675 | Lair:2   | XOM: scenery: create altars
  6722 | Lair:1   | XOM: polymorph yak -> guardian serpent
  6830 | Lair:1   | Reached skill level 11 in Transmutations
  6851 | Lair:2   | Noticed Zinus's ghost (journeyman OpAE)
  6857 | Lair:2   | XOM: chaos cloud
  6861 | Lair:2   | XOM: chaos cloud
  6865 | Lair:2   | Reached XP level 13. HP: 68/111 MP: 23/23
  6870 | Lair:2   | XOM: summons 7 hostile demons
  7005 | Lair:3   | Noticed a death yak
  7005 | Lair:3   | Noticed a death yak
  7005 | Lair:3   | Noticed a death yak
  7005 | Lair:3   | Noticed a death yak
  7006 | Lair:3   | Noticed a death yak
  7006 | Lair:3   | Noticed a death yak
  7008 | Lair:2   | XOM: summons 7 hostile demons
  7017 | Lair:2   | XOM: stat loss: -1 Str (13/14)
  7037 | Lair:3   | XOM: noise
  7044 | Lair:3   | XOM: noise
  7062 | Lair:3   | Reached skill level 12 in Transmutations
  7111 | Lair:3   | XOM: summons 7 hostile demons
  7131 | Lair:2   | a death yak changed into a fenstrider witch
  7131 | Lair:2   | Noticed a fenstrider witch
  7131 | Lair:2   | XOM: polymorph death yak -> fenstrider witch
  7136 | Lair:2   | XOM: repel stairs
  7153 | Lair:1   | XOM: 2-stop teleportation journey
  7191 | Lair:1   | XOM: noise
  7234 | Lair:2   | Killed a fenstrider witch
  7251 | Lair:3   | Noticed a death yak
  7260 | Lair:2   | Reached skill level 13 in Transmutations
  7290 | Lair:3   | Identified the +5 morningstar of Janiodd {chaos, rElec
                  | rF+++ rC- rCorr}
  7305 | Lair:3   | XOM: 1-stop teleportation journey
  7308 | Lair:3   | XOM: enchant monster (bad)
  7310 | Lair:3   | Noticed Sonja
  7316 | Lair:3   | XOM: summons friendly iron imp
  7324 | Lair:3   | XOM: snakes to sticks
  7326 | Lair:3   | XOM: fake destruction
  7350 | Lair:2   | Killed a death yak
  7359 | Lair:3   | Killed Sonja
  7439 | Lair:3   | XOM: cleaving
  7485 | Lair:3   | Noticed Snorg
  7490 | Lair:3   | XOM: scenery: create altars
  7495 | Lair:3   | Killed Snorg
  7496 | Lair:3   | Reached skill level 14 in Transmutations
  7527 | Lair:3   | a death yak changed into a catoblepas
  7527 | Lair:3   | Noticed a catoblepas
  7527 | Lair:3   | XOM: polymorph death yak -> catoblepas
  7529 | Lair:3   | XOM: summons friendly iron imp
  7541 | Lair:3   | Killed a catoblepas
  7585 | Lair:3   | a tyrant leech changed into a jorogumo
  7585 | Lair:3   | Noticed a jorogumo
  7585 | Lair:3   | XOM: polymorph tyrant leech -> jorogumo
  7657 | Lair:4   | XOM: cast spell 'Summon Dragon'
  7664 | Lair:4   | Reached skill level 15 in Transmutations
  7670 | Lair:4   | XOM: swap monsters
  7671 | Lair:4   | XOM: give mutations
  7671 | Lair:4   | Gained mutation: You are weak. (Str -2) [Xom's mischief]
  7671 | Lair:4   | Gained mutation: You occasionally lose the ability to read
                  | scrolls when taking damage. [Xom's mischief]
  7715 | Lair:4   | Found a staircase to the Slime Pits.
  7715 | Lair:4   | Noticed a death yak
  7715 | Lair:4   | Noticed a death yak
  7716 | Lair:4   | Noticed a death yak
  7720 | Lair:4   | XOM: polymorph fire dragon -> quicksilver ooze
  7724 | Lair:4   | XOM: polymorph quicksilver ooze -> shapeshifter
  7732 | Lair:4   | Killed a death yak
  7733 | Lair:4   | Killed a death yak
  7734 | Lair:4   | Reached skill level 16 in Transmutations
  7749 | Lair:4   | XOM: 2-stop teleportation journey
  7761 | Lair:4   | XOM: fake destruction
  7792 | Lair:4   | XOM: fake destruction
  7805 | Lair:4   | Reached XP level 14. HP: 79/118 MP: 24/24
  7808 | Lair:4   | XOM: god gift: 21 gold pieces
  7863 | Lair:4   | XOM: give mutation
  7863 | Lair:4   | Gained mutation: Your mind is acute. (Int +4, Str/Dex -1)
                  | [Xom's grace]
  7881 | Lair:4   | XOM: scenery: summon butterflies
  8070 | Lair:4   | XOM: god gift: scroll labelled MUXZIS ZOUT {god gift}
  8093 | Lair:5   | Entered Level 5 of the Lair of Beasts
  8106 | Lair:5   | XOM: confuse monster(s)
  8121 | Lair:5   | Reached skill level 1 in Unarmed Combat
  8132 | Lair:5   | Learned a level 7 spell: Dragon Form
  8170 | Lair:5   | XOM: silly message
  8176 | Lair:5   | XOM: swap monsters
  8177 | Lair:5   | XOM: chaos cloud
  8321 | Lair:5   | XOM: give mutations
  8321 | Lair:5   | Gained mutation: You are frail. (-10% HP) [Xom's mischief]
  8321 | Lair:5   | Lost mutation: You are weak. (Str -2) [Xom's mischief]
  8327 | Lair:5   | Reached skill level 10 in Dodging
  8360 | Lair:5   | XOM: enchant monster (good)
  8390 | Lair:5   | XOM: scenery: create altars
  8404 | Lair:5   | Reached skill level 10 in Fighting
  8404 | Lair:5   | XOM: cast spell 'Necromutation'
  8421 | Lair:5   | XOM: summons 2 friendly demons
  8427 | Lair:5   | XOM: god gift: leather armour {god gift}
  8500 | Lair:5   | XOM: summons friendly ufetubus
  8502 | Lair:5   | XOM: cast spell 'Summon Hydra'
  8520 | Lair:5   | Identified the +10 trident "Ypoqoal" {vorpal, rC+ Dex-3
                  | Stlth+}
  8550 | Lair:5   | Reached skill level 5 in Unarmed Combat
  8635 | Lair:5   | Learned a level 4 spell: Passage of Golubria
  8712 | Lair:3   | XOM: summons 14 friendly demons
  8786 | D:9      | Lost mutation: You occasionally lose the ability to drink
                  | potions when taking damage. [potion of mutation]
  8786 | D:9      | Lost mutation: You are clumsy. (Dex -2) [potion of
                  | mutation]
  8786 | D:9      | Gained mutation: You sometimes lose the ability to read
                  | scrolls when taking damage. [potion of mutation]
  8787 | D:9      | Lost mutation: You are frail. (-10% HP) [potion of
                  | mutation]
  8787 | D:9      | Lost mutation: Your mind is acute. (Int +4, Str/Dex -1)
                  | [potion of mutation]
  8787 | D:9      | Lost mutation: You sometimes lose the ability to read
                  | scrolls when taking damage. [potion of mutation]
  8787 | D:9      | Gained mutation: You passively dampen the noise of your
                  | surroundings. [potion of mutation]
  8787 | D:9      | Gained mutation: You have a pair of small horns on your
                  | head. [potion of mutation]
  8910 | D:12     | XOM: fog
  8915 | D:12     | XOM: enchant monster (good)
  8932 | D:12     | Found Halaig's Superior Scales.
  8997 | D:12     | XOM: enchant monster (bad)
  9000 | D:12     | XOM: polymorph orc knight -> faun
  9002 | D:12     | XOM: summons friendly shadow imp
  9007 | D:12     | Reached skill level 5 in Translocations
  9009 | D:12     | Reached XP level 15. HP: 126/126 MP: 21/28
  9028 | D:12     | XOM: swap monsters
  9058 | D:12     | Identified the ring of Wiroh {MP+9 Str+6 Dex+4}
  9070 | D:12     | Found a runed translucent door.
  9070 | D:12     | Noticed a fire giant
  9074 | D:12     | Found a runed translucent door.
  9074 | D:12     | Found a runed translucent door.
  9082 | D:12     | Killed a fire giant
  9096 | D:12     | XOM: swap monsters
  9112 | D:12     | XOM: 2-stop teleportation journey
  9157 | D:12     | XOM: enchant monster (good)
  9164 | D:12     | XOM: torment (90/189 hp)
  9261 | D:12     | Found Icriv's Book Shoppe.
  9265 | D:12     | Bought a book of Transfigurations for 600 gold pieces
  9271 | D:12     | Learned a level 5 spell: Irradiate
  9425 | D:12     | Found a transporter.
  9428 | D:12     | Noticed nago's ghost (journeyman HuAE)
  9431 | D:12     | Found a transporter.
  9432 | D:12     | Found a bloodstained altar of Trog.
  9524 | D:13     | XOM: summons 5 hostile demons
  9614 | D:13     | XOM: smoke on damage
  9723 | D:14     | XOM: enchant monster (good)
  9735 | D:14     | Noticed a fire giant
  9735 | D:14     | XOM: summons 4 hostile demons
  9738 | D:14     | XOM: noise
  9742 | D:14     | XOM: divination: magic mapping
  9745 | D:14     | Killed a fire giant
  9768 | D:14     | XOM: summons friendly ufetubus
  9798 | D:14     | XOM: divination: magic mapping
  9856 | D:14     | Reached skill level 10 in Unarmed Combat
  9866 | D:14     | Reached XP level 16. HP: 135/135 MP: 29/29
  9875 | D:14     | Learned a level 7 spell: Storm Form
  9960 | D:14     | XOM: divination: detect creatures
  9961 | D:14     | Found a gate to the Vaults.
 10065 | D:15     | Entered Level 15 of the Dungeon
 10172 | D:15     | XOM: enchant monster (good)
 10177 | D:15     | XOM: smoke on damage
 10293 | D:15     | XOM: god gift: chain mail {god gift}
 10450 | D:15     | XOM: confuse monster(s)
 10451 | D:15     | XOM: divination: detect items
 10464 | D:15     | XOM: cast spell 'Summon Small Mammal'
 10474 | D:15     | Found a staircase to the Depths.
 10680 | Orc:1    | Entered Level 1 of the Orcish Mines
 10754 | Orc:2    | Entered Level 2 of the Orcish Mines
 10754 | Orc:2    | Noticed Azrael
 10754 | Orc:2    | Noticed Jorgrun
 10754 | Orc:2    | XOM: confuse monster(s)
 10759 | Orc:2    | Reached skill level 17 in Transmutations
 10760 | Orc:2    | Killed Jorgrun
 10771 | Orc:2    | Killed Azrael
 10773 | Orc:2    | XOM: noise
 10852 | Orc:2    | Found Ydiuficw's Distillery.
 10867 | Orc:2    | Bought a potion of haste for 120 gold pieces
 10880 | Orc:2    | Found an ancient bone altar of Kikubaaqudgha.
 10880 | Orc:2    | Noticed Nergalle
 10892 | Orc:2    | XOM: divination: magic mapping
 10893 | Orc:2    | XOM: destruction
 10901 | Orc:2    | Killed Nergalle
 10910 | Orc:2    | Noticed Erolcha
 10920 | Orc:2    | Killed Erolcha
 10922 | Orc:2    | Found a radiant altar of Vehumet.
 10969 | Orc:2    | Found Itsileng's Antique Armour Shoppe.
 10977 | Orc:2    | Found Upubly's Antique Armour Emporium.
 11030 | Orc:2    | Found Ivoffok's Book Emporium.
 11038 | Orc:2    | Bought Maxwell's Memoranda for 608 gold pieces
 11043 | Orc:2    | Learned a level 4 spell: Manifold Assault
 11047 | Orc:2    | Learned a level 3 spell: Vhi's Electric Charge
 11171 | Orc:2    | Found a staircase to the Elven Halls.
 11249 | Orc:1    | Found Ycvimes's Book Shoppe.
 11321 | Orc:1    | You are sucked into a shaft and drop 1 floor!
 11349 | Elf:1    | Entered Level 1 of the Elven Halls
 11360 | Elf:1    | XOM: scenery: 2 fountains blood, 1 doors open
 11361 | Elf:1    | XOM: polymorph deep elf pyromancer -> dream sheep
 11380 | Elf:1    | XOM: scenery: 1 doors close
 11383 | Elf:1    | XOM: polymorph deep elf archer -> dream sheep
 11392 | Elf:1    | Reached XP level 17. HP: 132/144 MP: 31/31
 11420 | Elf:1    | XOM: summons friendly quasit
 11460 | Elf:1    | XOM: fog
 11507 | Elf:2    | XOM: confuse monster(s)
 11513 | Elf:2    | XOM: confuse monster(s)
 11543 | Elf:3    | Entered Level 3 of the Elven Halls
 11725 | Elf:2    | Reached skill level 10 in Translocations
 11770 | Elf:2    | XOM: cleaving
 11772 | Elf:2    | Noticed an Ice Fiend
 11802 | Elf:2    | Killed from afar by an Ice Fiend

Illustrated notes

Levels and vault maps discovered:
D:1:      tarquinn_simple_flora_water_b, layout_rooms, minmay_ruptured
D:2:      layout_loops_ring, basic_altar,
          hellmonk_ecumenical_altar_inner_sanctum
D:3:      layout_loops_ring, yredelemnul_forgotten_temple_becter, serial_shops,
          shop, uniq_crazy_yiuf_cottage, uniq_ijyb
D:4:      layout_basic, mainiacjoe_overflow_alcove_2,
          mainiacjoe_overflow_concentric_impassable, lemuel_round_altar,
          gammafunk_ghost_icy, fountainhead
D:5:      corexii_shack_village, layout_gridville,
          nicolae_overflow_crystal_walls, enter_ossuary_1,
          hangedman_glass_teeth, uniq_pikel
D:6:      layout_basic, xom_teletrap_fun, mainiacjoe_overflow_brackets,
          gammafunk_temple_overflow_wave, serial_shops, nicolae_shop_trees,
          nicolae_fountain_basement
D:7:      layout_layer_cave, minmay_temple_entry_mini_moons, guppyfry_shop_venom
D:8:      layout_layer_cave, mainiacjoe_overflow_six_doors_small,
          grunt_temple_overflow_bloody_war
D:9:      layout_long_grid, lair_entry_dummy, serial_shops, shop, uniq_joseph
D:10:     minmay_diamond_stairs, layout_cave_pods,
          hangedman_abyss_or_decor_stagger, kennysheep_minor_cross, uniq_harold
D:11:     layout_gridville, david_orc_2
D:12:     minmay_the_grid_triangle_9x9_recursive_2
          [minmay_the_grid_triangle_9x9_prize_top_heavy,
          minmay_the_grid_triangle_9x9_fully_insulated_deathbox,
          minmay_the_grid_triangle_9x9_zippers_horizontal,
          minmay_the_grid_triangle_9x9_intruding_spiral], layout_basic,
          serial_shops, nicolae_shop_advertising_works
          [nicolae_subvault_shop_adworks], gammafunk_ghost_wrathful_warriors,
          hellmonk_scale_shop
D:13:     layout_roguey [special_room_orc]
D:14:     nzn_winding_woodlands_small [nzn_winding_woodlands_5x15_pockets,
          nzn_winding_woodlands_center_lodge,
          nzn_winding_woodlands_5x15_default], layout_cross,
          skrybe_vaults_entry_preservation
D:15:     grunt_enter_depths_magical_seal, layout_basic, nrook_pool_corridor,
          drop_trap
Lair:1:   layout_long_grid, roderic_batcave
Lair:2:   layout_hall_layers, minmay_snake_entry_spellcaster,
          gammafunk_ghost_split, wad_woods_06, lemuel_oklob_altar
Lair:3:   layout_hall_layers, minmay_swamp_entry_worms, serial_bayou_shore_b,
          grunt_megastairs_3, uniq_sonja, uniq_snorg
Lair:4:   layout_regular_city, slime_entry_1
Lair:5:   gammafunk_lair_ancient_temple, layout_long_grid
Orc:1:    layout_caves, serial_shops, shop_statue, minmay_orc_barracks
Orc:2:    kennysheep_orc_mage_school, layout_caves, uniq_azrael, uniq_jorgrun
Elf:1:    nicolae_elf_arrival_fired_up, layout_loops_corners,
          minmay_elf_annihilation, hangedman_elf_represent
Elf:2:    elven_hall_of_blades_hangedman_alternative
          [nicolae_blade_entry_diamond_columns], layout_geoelf_diagonals
Elf:3:    minmay_elf_hall_furrowed, layout_geoelf_octagon, minmay_shop_grove,
          uniq_bai_suzhen

Skill      XL: |  1  2  3  4  5  6  7  8  9 10 11 12 13 14 15 16 17 |
---------------+----------------------------------------------------+-----
Long Blades    | 1 2 3 4 5 6 |  6.5
Dodging        | 2 3 4 6 8 9 10 11 12 | 12.3
Spellcasting   | 1 2 3 4 6 8 9 |  9.1
Translocations | 1 2 5 7 8 10 | 10.0
Fighting       | 4 6 7 8 9 10 11 12 | 12.2
Evocations     | 3 4 5 6 |  6.0
Air Magic      | 6 9 10 11 14 | 14.6
Transmutations | 3 11 16 17 | 17.0
Earth Magic    | 3 5 |  5.0
Unarmed Combat | 5 10 11 12 | 12.3
Short Blades   | |  3.2
Armour         | |  2.4

Action                   |  1- 3 |  4- 6 |  7- 9 | 10-12 | 13-15 | 16-18 || total
-------------------------+-------+-------+-------+-------+-------+-------++-------
Melee: Short sword       |    69 |       |   504 |       |       |       ||   573
       Dagger            |    34 |   176 |    81 |       |       |       ||   291
       Punch             |       |     2 |    10 |     2 |    20 |    25 ||    59
       Falchion          |       |       |    22 |   506 |   333 |     9 ||   870
       Unarmed           |       |       |       |       |   256 |   326 ||   582
       Bite              |       |       |       |       |    49 |       ||    49
       Tailslap          |       |       |       |       |    41 |       ||    41
       Headbutt          |       |       |       |       |     5 |     2 ||     7
Throw: Dart              |       |       |       |     2 |     5 |       ||     7
 Cast: Blink             |       |       |       |     1 |     2 |       ||     3
       Dragon Form       |       |       |       |       |    18 |       ||    18
       Passage of Golubr |       |       |       |       |     2 |    30 ||    32
       Irradiate         |       |       |       |       |     2 |     2 ||     4
       Storm Form        |       |       |       |       |       |    19 ||    19
       Vhi's Electric Ch |       |       |       |       |       |    22 ||    22
 Abil: End Transformatio |       |       |       |       |     7 |     6 ||    13
       Blinkbolt         |       |       |       |       |       |    15 ||    15
Evoke: Wand              |       |     5 |     5 |     8 |    27 |     1 ||    46
       Piece from Xom's  |       |       |       |     2 |       |       ||     2
       Phantom mirror    |       |       |       |       |     1 |     1 ||     2
  Use: Scroll            |       |       |    12 |    11 |    10 |     1 ||    34
       Potion            |       |       |       |       |     4 |     2 ||     6
 Stab: Paralysed         |       |     1 |       |    16 |     1 |       ||    18
       Distracted        |       |       |       |     1 |       |       ||     1
       Confused          |       |       |       |       |     8 |     1 ||     9
       Petrified         |       |       |       |       |     1 |       ||     1
Armor: Leather armour    |    30 |    35 |   140 |   177 |   192 |       ||   574
       Skin              |       |       |       |       |   146 |    67 ||   213
       Robe              |       |       |       |       |       |     1 ||     1
Dodge: Dodged            |    60 |    74 |   287 |   337 |   493 |   166 ||  1417
Block: Other             |       |    24 |   112 |    79 |    80 |    46 ||   341
       Reflection        |       |       |       |     7 |    10 |     3 ||    20
       Buckler           |       |       |       |   123 |   194 |       ||   317

Table legend: (Time is in decaauts)
 A = Elapsed time spent in this place.
 B = Non-inter-level travel time spent in this place.
 C = Inter-level travel time spent in this place.
 D = Time resting spent in this place.
 E = Time spent auto-exploring this place.
 F = Levels seen in this place.
 G = Mean time per level.
                   A        B        C        D        E       F      G
               +--------+--------+--------+--------+--------+-----+--------+
         Total |  11554 |  10572 |    982 |      0 |     23 |  26 |  444.4 |
       Dungeon |   7500 |   6679 |    821 |      0 |     23 |  15 |  500.0 |
          Lair |   2408 |   2283 |    125 |      0 |      0 |   5 |  481.6 |
  Orcish Mines |    644 |    644 |      0 |      0 |      0 |   2 |  322.0 |
   Elven Halls |    429 |    393 |     36 |      0 |      0 |   3 |  143.0 |
       Ossuary |    572 |    572 |      0 |      0 |      0 |   1 |  572.0 |
               +--------+--------+--------+--------+--------+-----+--------+

Top non-repeatable levels by time:
    D:10: 707 daAuts
    D:12: 661 daAuts
     D:9: 646 daAuts
     D:3: 593 daAuts
  Lair:5: 583 daAuts
     D:7: 573 daAuts
 Ossuary: 572 daAuts
  Lair:4: 544 daAuts
     D:5: 532 daAuts
     D:4: 527 daAuts
    D:11: 514 daAuts
     D:6: 501 daAuts
     D:2: 491 daAuts
  Lair:2: 470 daAuts
     D:8: 458 daAuts
